TOP OF THE 1ST |
Minnesota (NYP) Twins batting - Pitching for Aberdeen Ironbirds : RHP Wes Reynolds
|
Pitching: RHP Wes Reynolds
|
|
Batting: RHB Caleb Bockmann
|
0-0: Ground out 5-3 (Groundball, 56, EV 104.4 MPH)
|
Batting: RHB Tim Carter
|
0-0: Ground out 6-3 (Groundball, 56, EV 76.9 MPH)
|
Batting: LHB Tomas Espino
|
0-0: Ball 1-0: Foul Ball, location: 2F 1-1: Ball 2-1: Foul Ball, location: 2F 2-2: Foul Ball, location: 2F 2-2: Ball 3-2: SINGLE (Line Drive, 9LS, EV 93.8 MPH)
|
Batting: RHB Leo Gonzalez
|
0-0: Called Strike 0-1: Swinging Strike 0-2: Strikes out looking
|
Top of the 1st over - 0 runs, 1 hit, 0 errors, 1 left on base; Minnesota (NYP) 0 - Aberdeen 0 |
BOTTOM OF THE 1ST |
Aberdeen Ironbirds batting - Pitching for Minnesota (NYP) Twins : RHP Tim Weller
|
Pitching: RHP Tim Weller
|
|
Batting: RHB Honório Szenes
|
0-0: Ball 1-0: Swinging Strike 1-1: Ground out 5-3 (Groundball, 56S, EV 81.2 MPH)
|
Batting: RHB Mike Zepeda
|
0-0: Ball 1-0: Ball 2-0: Foul Ball, location: 2F 2-1: SINGLE (Line Drive, 8RS, EV 105.6 MPH)
|
Batting: LHB Adam Oldfield
|
0-0: Ball 1-0: Ball 2-0: Foul Ball, location: 2F 2-1: Ball 3-1: Grounds out, U3 (Groundball, 3L, EV 99.4 MPH)
|
Batting: RHB Luis Tovar
|
0-0: Ball 1-0: Ground out 5-3 (Groundball, 56, EV 83.8 MPH)
|
Bottom of the 1st over - 0 runs, 1 hit, 0 errors, 1 left on base; Minnesota (NYP) 0 - Aberdeen 0 |
TOP OF THE 2ND |
Minnesota (NYP) Twins batting - Pitching for Aberdeen Ironbirds : RHP Wes Reynolds
|
Batting: SHB Chris Hull
|
0-0: Called Strike 0-1: Ground out 6-3 (Groundball, 4, EV 84.4 MPH)
|
Batting: RHB David McClellan
|
0-0: Ball 1-0: Foul Ball, location: 2F 1-1: Foul Ball, location: 2F 1-2: Ground out 4-3 (Groundball, 4S, EV 70.6 MPH)
|
Batting: LHB David Ramos
|
0-0: Ball 1-0: Foul Ball, location: 2F 1-1: Ball 2-1: DOUBLE (Flyball, 8LD, EV 95.0 MPH)
|
Batting: LHB Jose Hilario
|
0-0: Ball 1-0: Ball 2-0: SINGLE (Line Drive, 8RS, EV 103.8 MPH) David Ramos to third Runner from 3rd tries for Home, SAFE, throw by CF to home
|
Batting: RHB Chris Bejarano
|
0-0: Ball 1-0: Foul Ball, location: 2F 1-1: Ball 2-1: Called Strike 2-2: Foul Ball, location: 2F 2-2: Foul Ball, location: 2F 2-2: Foul Ball, location: 2F 2-2: Strikes out looking
|
Top of the 2nd over - 1 run, 2 hits, 0 errors, 1 left on base; Minnesota (NYP) 1 - Aberdeen 0 |
BOTTOM OF THE 2ND |
Aberdeen Ironbirds batting - Pitching for Minnesota (NYP) Twins : RHP Tim Weller
|
Batting: LHB Keith Long
|
0-0: Called Strike 0-1: Foul Ball, location: 2F 0-2: Ball 1-2: Strikes out swinging
|
Batting: RHB Jason Burke
|
0-0: Ball 1-0: Ball 2-0: Foul Ball, location: 2F 2-1: Foul Ball, location: 2F 2-2: Foul Ball, location: 2F 2-2: SINGLE (Groundball, 4M, EV 100.0 MPH) (infield hit)
|
Batting: LHB Vinny Rivera
|
Pickoff Play to 1st, Runner tries for 2nd, OUT after rundown. 0-0: Ball 1-0: Called Strike 1-1: Foul Ball, location: 2F 1-2: Foul Ball, location: 2F 1-2: Foul Ball, location: 2F 1-2: Foul Ball, location: 2F 1-2: Foul Ball, location: 2F 1-2: Ball 2-2: Ball 3-2: Ground out 4-3 (Groundball, 4, EV 85.0 MPH)
|
Bottom of the 2nd over - 0 runs, 1 hit, 0 errors, 0 left on base; Minnesota (NYP) 1 - Aberdeen 0 |
TOP OF THE 3RD |
Minnesota (NYP) Twins batting - Pitching for Aberdeen Ironbirds : RHP Wes Reynolds
|
Batting: RHB Caleb Bockmann
|
0-0: Foul Ball, location: 2F 0-1: SINGLE (Groundball, 34D, EV 105.0 MPH)
|
Batting: RHB Tim Carter
|
0-0: Ball 1-0: Called Strike 1-1: Foul Ball, location: 2F 1-2: Foul Ball, location: 2F 1-2: SINGLE (Flyball, 56D, EV 92.5 MPH) Caleb Bockmann to second
|
Batting: LHB Tomas Espino
|
0-0: Ball 1-0: Foul Ball, location: 2F 1-1: Ball 2-1: Fielders Choice at 2nd, 4-6 (Groundball, 4, EV 88.1 MPH) Caleb Bockmann to third
|
Batting: RHB Leo Gonzalez
|
0-0: Ball 1-0: Called Strike 1-1: SINGLE (Groundball, 56D, EV 111.2 MPH) Caleb Bockmann scores Tomas Espino to second
|
Batting: SHB Chris Hull
|
0-0: Ball 1-0: Called Strike 1-1: Swinging Strike 1-2: Ball 2-2: Strikes out swinging
|
Batting: RHB David McClellan
|
0-0: Swinging Strike 0-1: Called Strike 0-2: Foul Ball, location: 2F 0-2: Ball 1-2: Ball 2-2: Foul Ball, location: 2F 2-2: SINGLE (Line Drive, 56, EV 100.0 MPH) Tomas Espino to third Leo Gonzalez to second Runner from 3rd tries for Home, SAFE, throw by LF to home
|
Batting: LHB David Ramos
|
0-0: Ball 1-0: Swinging Strike 1-1: Ball 2-1: Fly out, F6 (Line Drive, 6, EV 66.2 MPH)
|
Top of the 3rd over - 2 runs, 4 hits, 0 errors, 2 left on base; Minnesota (NYP) 3 - Aberdeen 0 |
BOTTOM OF THE 3RD |
Aberdeen Ironbirds batting - Pitching for Minnesota (NYP) Twins : RHP Tim Weller
|
Now at 2B: Ryan Starks
|
|
Batting: LHB Shane Cruse
|
0-0: Called Strike 0-1: Ball 1-1: Swinging Strike 1-2: Ball 2-2: Ground out 1-3 (Groundball, 13S, EV 71.9 MPH)
|
Batting: RHB Daniel Jackson
|
0-0: Called Strike 0-1: Called Strike 0-2: Strikes out swinging
|
Batting: RHB Honório Szenes
|
0-0: Foul Ball, location: 2F 0-1: Ball 1-1: Called Strike 1-2: Strikes out swinging
|
Bottom of the 3rd over - 0 runs, 0 hits, 0 errors, 0 left on base; Minnesota (NYP) 3 - Aberdeen 0 |
TOP OF THE 4TH |
Minnesota (NYP) Twins batting - Pitching for Aberdeen Ironbirds : RHP Wes Reynolds
|
Batting: LHB Jose Hilario
|
0-0: Ground out 6-3 (Groundball, 6, EV 103.1 MPH)
|
Batting: RHB Chris Bejarano
|
0-0: Ball 1-0: Foul Ball, location: 2F 1-1: Ball 2-1: SINGLE (Groundball, 5S, EV 66.2 MPH) (infield hit)
|
Batting: RHB Caleb Bockmann
|
0-0: Foul Ball, location: 2F 0-1: Ball 1-1: Ball Chris Bejarano steals 2nd base 2-1: Ground out 6-3 (Groundball, 56, EV 91.2 MPH)
|
Batting: RHB Ryan Starks
|
0-0: Ball Wild Pitch! Chris Bejarano to third 1-0: Ball 2-0: Ball 3-0: Called Strike 3-1: Ground out 6-3 (Groundball, 6MS, EV 72.5 MPH)
|
Top of the 4th over - 0 runs, 1 hit, 0 errors, 1 left on base; Minnesota (NYP) 3 - Aberdeen 0 |
BOTTOM OF THE 4TH |
Aberdeen Ironbirds batting - Pitching for Minnesota (NYP) Twins : RHP Tim Weller
|
Batting: RHB Mike Zepeda
|
0-0: SINGLE (Line Drive, 9S, EV 92.5 MPH)
|
Batting: LHB Adam Oldfield
|
0-0: Ball Mike Zepeda steals 2nd base 1-0: Ground out U3 (Groundball, 3, EV 90.0 MPH) Mike Zepeda to third
|
Batting: RHB Luis Tovar
|
0-0: Ball 1-0: Foul Ball, location: 2F 1-1: Foul Ball, location: 2F 1-2: Foul Ball, location: 2F 1-2: Strikes out looking
|
Batting: LHB Keith Long
|
0-0: Ball 1-0: Ground out 6-3 (Groundball, 6, EV 86.9 MPH)
|
Bottom of the 4th over - 0 runs, 1 hit, 0 errors, 1 left on base; Minnesota (NYP) 3 - Aberdeen 0 |
TOP OF THE 5TH |
Minnesota (NYP) Twins batting - Pitching for Aberdeen Ironbirds : RHP Wes Reynolds
|
Batting: LHB Tomas Espino
|
0-0: Ground out U3 (Groundball, 3S, EV 87.5 MPH)
|
Batting: RHB Leo Gonzalez
|
0-0: Called Strike 0-1: Foul Ball, location: 2F 0-2: Foul Ball, location: 2F 0-2: Ground out 6-3 (Groundball, 6, EV 104.4 MPH)
|
Batting: SHB Chris Hull
|
0-0: Foul Ball, location: 2F 0-1: Fly out, F6 (Popup, 4S, EV 72.5 MPH)
|
Top of the 5th over - 0 runs, 0 hits, 0 errors, 0 left on base; Minnesota (NYP) 3 - Aberdeen 0 |
BOTTOM OF THE 5TH |
Aberdeen Ironbirds batting - Pitching for Minnesota (NYP) Twins : RHP Tim Weller
|
Batting: RHB Jason Burke
|
0-0: Called Strike 0-1: Swinging Strike 0-2: Ground out 4-3 (Groundball, 4, EV 90.0 MPH)
|
Batting: LHB Vinny Rivera
|
0-0: Called Strike 0-1: Foul Ball, location: 2F 0-2: TRIPLE (Line Drive, 89D, EV 107.5 MPH)
|
Batting: LHB Shane Cruse
|
0-0: Called Strike 0-1: Foul Ball, location: 2F 0-2: Strikes out looking
|
Batting: RHB Daniel Jackson
|
0-0: Called Strike 0-1: Fly out, F8 (Flyball, 8LXD, EV 87.5 MPH)
|
Bottom of the 5th over - 0 runs, 1 hit, 0 errors, 1 left on base; Minnesota (NYP) 3 - Aberdeen 0 |
TOP OF THE 6TH |
Minnesota (NYP) Twins batting - Pitching for Aberdeen Ironbirds : RHP Wes Reynolds
|
Pitching: RHP Jon Grason
|
|
Batting: RHB David McClellan
|
0-0: Swinging Strike 0-1: Swinging Strike 0-2: Strikes out swinging
|
Batting: LHB David Ramos
|
0-0: Ball 1-0: Ball 2-0: Called Strike 2-1: Foul Ball, location: 2F 2-2: Strikes out swinging
|
Batting: LHB Jose Hilario
|
0-0: Ball 1-0: Swinging Strike 1-1: SINGLE (Groundball, 3D, EV 98.1 MPH)
|
Batting: RHB Chris Bejarano
|
0-0: Called Strike 0-1: Ball 1-1: Called Strike 1-2: Ball 2-2: Foul Ball, location: 2F 2-2: Fielders Choice at 2nd, 6-4 (Groundball, 6, EV 100.6 MPH)
|
Top of the 6th over - 0 runs, 1 hit, 0 errors, 1 left on base; Minnesota (NYP) 3 - Aberdeen 0 |
BOTTOM OF THE 6TH |
Aberdeen Ironbirds batting - Pitching for Minnesota (NYP) Twins : RHP Tim Weller
|
Batting: RHB Honório Szenes
|
0-0: Ball 1-0: Ball 2-0: SINGLE (Groundball, 4MD, EV 97.5 MPH)
|
Batting: RHB Mike Zepeda
|
0-0: Ball 1-0: Called Strike 1-1: Called Strike 1-2: Ball 2-2: Strikes out swinging
|
Batting: LHB Adam Oldfield
|
0-0: Called Strike 0-1: Foul Ball, location: 2F 0-2: Strikes out swinging Honório Szenes steals 2nd base Batter strikes out.
|
Pitching: LHP Bobby Shaw
|
|
Batting: RHB Luis Tovar
|
0-0: Ball 1-0: Foul Ball, location: 2F 1-1: Called Strike 1-2: Strikes out swinging
|
Bottom of the 6th over - 0 runs, 1 hit, 0 errors, 1 left on base; Minnesota (NYP) 3 - Aberdeen 0 |
TOP OF THE 7TH |
Minnesota (NYP) Twins batting - Pitching for Aberdeen Ironbirds : RHP Jon Grason
|
Batting: RHB Caleb Bockmann
|
0-0: Ball 1-0: Ground out 6-3 (Groundball, 6, EV 86.9 MPH)
|
Batting: RHB Ryan Starks
|
0-0: Called Strike 0-1: Ball 1-1: Foul Ball, location: 2F 1-2: Ball 2-2: Strikes out swinging
|
Batting: LHB Tomas Espino
|
0-0: Ball 1-0: Called Strike 1-1: Foul Ball, location: 2F 1-2: Foul Ball, location: 2F 1-2: Strikes out swinging
|
Top of the 7th over - 0 runs, 0 hits, 0 errors, 0 left on base; Minnesota (NYP) 3 - Aberdeen 0 |
BOTTOM OF THE 7TH |
Aberdeen Ironbirds batting - Pitching for Minnesota (NYP) Twins : LHP Bobby Shaw
|
Batting: LHB Keith Long
|
0-0: Called Strike 0-1: Ball 1-1: Ball 2-1: Ball 3-1: Fly out, F9 (Flyball, 9, EV 89.4 MPH)
|
Batting: RHB Jason Burke
|
0-0: Called Strike 0-1: Ball 1-1: Reached on error, E6 (Groundball, 6, EV 108.8 MPH)
|
Batting: LHB Vinny Rivera
|
0-0: Ball 1-0: Called Strike 1-1: Ball 2-1: Ground out 4-3 (Groundball, 4MS, EV 76.9 MPH) Jason Burke to second
|
Batting: LHB Shane Cruse
|
0-0: Ball 1-0: Ball 2-0: Ball 3-0: Called Strike 3-1: Foul Ball, location: 2F 3-2: Foul Ball, location: 2F 3-2: Base on Balls
|
Batting: RHB Daniel Jackson
|
0-0: Ball 1-0: Ball 2-0: Ball Wild Pitch! Jason Burke to third Shane Cruse to second 3-0: Called Strike 3-1: Foul Ball, location: 2F 3-2: Strikes out swinging
|
Bottom of the 7th over - 0 runs, 0 hits, 1 error, 2 left on base; Minnesota (NYP) 3 - Aberdeen 0 |
TOP OF THE 8TH |
Minnesota (NYP) Twins batting - Pitching for Aberdeen Ironbirds : RHP Jon Grason
|
Batting: RHB Leo Gonzalez
|
0-0: Called Strike 0-1: Ball 1-1: Foul Ball, location: 2F 1-2: Ball 2-2: Ball 3-2: Foul Ball, location: 2F 3-2: Base on Balls
|
Batting: SHB Chris Hull
|
0-0: Called Strike Leo Gonzalez is caught stealing 2nd base 2-6 0-1: Ball 1-1: Ball 2-1: Ball 3-1: Called Strike 3-2: Foul Ball, location: 2F 3-2: Base on Balls
|
Pitching: RHP Casey Tietjen
|
|
Batting: RHB David McClellan
|
0-0: Foul Ball, location: 2F 0-1: Fielders Choice at 2nd, 6-4 (Groundball, 6, EV 84.4 MPH)
|
Batting: LHB David Ramos
|
0-0: Called Strike 0-1: Called Strike David McClellan steals 2nd base 0-2: SINGLE (Groundball, 56D, EV 95.0 MPH) David McClellan to third Runner from 3rd tries for Home, throw by LF and OUT! 7-2
|
Top of the 8th over - 0 runs, 1 hit, 0 errors, 1 left on base; Minnesota (NYP) 3 - Aberdeen 0 |
BOTTOM OF THE 8TH |
Aberdeen Ironbirds batting - Pitching for Minnesota (NYP) Twins : LHP Bobby Shaw
|
Batting: RHB Honório Szenes
|
0-0: Swinging Strike 0-1: Ground out 6-3 (Groundball, 56, EV 88.8 MPH)
|
Batting: RHB Mike Zepeda
|
0-0: Foul Ball, location: 2F 0-1: Fly out, F9 (Line Drive, 9S, EV 88.8 MPH)
|
Pinch Hitting: RHB Ethan Finke
|
0-0: SINGLE (Line Drive, 8RS, EV 92.5 MPH)
|
Batting: RHB Luis Tovar
|
0-0: Fielders Choice at 2nd, 6-4 (Groundball, 6, EV 109.4 MPH)
|
Bottom of the 8th over - 0 runs, 1 hit, 0 errors, 1 left on base; Minnesota (NYP) 3 - Aberdeen 0 |
TOP OF THE 9TH |
Minnesota (NYP) Twins batting - Pitching for Aberdeen Ironbirds : RHP Casey Tietjen
|
Now in LF: Ethan Finke
|
|
Batting: LHB Jose Hilario
|
0-0: Ball 1-0: Fly out, F3 (Popup, 3SF, EV 66.9 MPH)
|
Batting: RHB Chris Bejarano
|
0-0: Fly out, F6 (Line Drive, 6M, EV 86.2 MPH)
|
Batting: RHB Caleb Bockmann
|
0-0: Called Strike 0-1: Ball 1-1: Ball 2-1: Ball 3-1: Called Strike 3-2: Foul Ball, location: 2F 3-2: Base on Balls
|
Batting: RHB Ryan Starks
|
0-0: Called Strike Caleb Bockmann steals 2nd base 0-1: Ball 1-1: Ball 2-1: Ball 3-1: Foul Ball, location: 2F 3-2: Foul Ball, location: 2F 3-2: Foul Ball, location: 2F 3-2: Fly out, F3 (Popup, 34, EV 84.4 MPH)
|
Top of the 9th over - 0 runs, 0 hits, 0 errors, 1 left on base; Minnesota (NYP) 3 - Aberdeen 0 |
BOTTOM OF THE 9TH |
Aberdeen Ironbirds batting - Pitching for Minnesota (NYP) Twins : LHP Bobby Shaw
|
Pitching: RHP Andrew Rich
|
|
Batting: LHB Keith Long
|
0-0: Called Strike 0-1: Ball 1-1: Fly out, F7 (Flyball, 78M, EV 90.0 MPH)
|
Batting: RHB Jason Burke
|
0-0: Foul Ball, location: 2F 0-1: Ball 1-1: Ball 2-1: Ball 3-1: Called Strike 3-2: Base on Balls
|
Batting: LHB Vinny Rivera
|
0-0: Called Strike 0-1: Called Strike 0-2: Ball 1-2: Strikes out looking
|
Batting: LHB Shane Cruse
|
Pickoff Throw to First - Out! 1-3
|
Bottom of the 9th over - 0 runs, 0 hits, 0 errors, 0 left on base; Minnesota (NYP) 3 - Aberdeen 0 |
|